 Dungeon Crawl Stone Soup version 0.29.0-4-gdea44cf6ec (webtiles) character file.

Game seed: 7735621046208569498

100 qw the Sneak (level 4, -3/28 HPs)
             Began as a Gargoyle Delver on Sept 10, 2022.
             Slain by a gnoll
             ... wielding a +0 spear
              (4 damage)
             ... on level 2 of the Dungeon.
             The game lasted 00:00:44 (2046 turns).

qw the Sneak (Gargoyle Delver)                      Turns: 2046, Time: 00:00:45

Health: -3/28      AC: 13    Str: 18    XL:     4   Next: 74%
Magic:  4/4        EV:  7    Int: 10    God:
Gold:   44         SH:  0    Dex: 11    Spells: 3/3 levels left

rFire   . . .      SeeInvis .   Y - +0 hand axe
rCold   . . .      Faith    .   (no shield)
rNeg    + . .      Spirit   .   k - +0 chain mail
rPois   inf        Reflect  .   c - +0 helmet
rElec   +          Harm     .   (no cloak)
rCorr   .          Rampage  .   (no gloves)
Will    .....                   (no boots)
Stlth   ..........              (no amulet)
HPRegen 0.09/turn               (no ring)
MPRegen 0.09/turn               (no ring)

@: no status effects
A: sickness immunity, AC +3, negative energy resistance 1, electricity
resistance, torment resistance 1, petrification resistance
a: no special abilities


You were on level 2 of the Dungeon.
You visited 1 branch of the dungeon, and saw 5 of its levels.

You collected 44 gold pieces.


Innate Abilities, Weirdness & Mutations

You are immune to sickness and miasma.
Your stone body is resilient. (AC +3)
You are immune to poison.
You resist negative energy. (rN+)
You are resistant to electric shocks. (rElec)
You are resistant to unholy torment.
You are immune to petrification.


   Skills:
 - Level 3.2 Fighting
 - Level 4.0 Axes
 + Level 1.5 Armour
 - Level 1.5 Dodging
 - Level 5.4 Stealth


You had 3 spell levels left.
You didn't know any spells.
Your spell library was empty.

Inventory:

Hand Weapons
 a - a +0 flail
 Y - a +0 hand axe (weapon)
Armour
 c - a +0 helmet (worn)
 k - a +0 chain mail (worn)
Jewellery
 d - a ring of ice
Wands
 g - a wand of digging (3)
Scrolls
 b - a scroll of blinking {unknown}
 h - 4 scrolls of identify {unknown}
Potions
 e - a potion of flight {unknown}
 f - a potion of haste
 i - a potion of mutation {unknown}
 j - a potion of brilliance {unknown}
 m - a potion of lignification {unknown}

Dungeon Overview and Level Annotations

Branches:
Dungeon (5/15)
 Temple: D:4-7

Altars:


Message History

The gnoll hits you with a +0 whip.
You closely miss the gnoll. The gnoll barely misses you.
You barely miss the gnoll. You hit the gnoll.
The gnoll hits you from afar with a +0 spear.
The gnoll hits you but does no damage. The gnoll closely misses you.
The gnoll hits you from afar with a +0 spear.
You slash the gnoll!
The gnoll is severely wounded.
You barely miss the gnoll. The gnoll barely misses you.
The gnoll hits you with a +0 club. The gnoll hits you but does no damage.
You hit the gnoll.
You kill the gnoll!
You hit the gnoll but do no damage. x2
The gnoll hits you with a +0 whip. The gnoll barely misses you. x2
You hit the gnoll but do no damage. You hit the gnoll.
The gnoll hits you but does no damage. The gnoll hits you with a +0 flail!
The gnoll hits you but does no damage.
You hit the gnoll.
The gnoll is heavily wounded.
You hit the gnoll. The gnoll hits you with a +0 whip.
The gnoll hits you but does no damage. The gnoll barely misses you.
You barely miss the gnoll.
The gnoll is heavily wounded.
You hit the gnoll. The gnoll hits you with a +0 whip.
The gnoll hits you from afar with a +0 spear.
The gnoll hits you but does no damage.
You slash the gnoll!
You kill the gnoll!
You hit the gnoll.
The gnoll hits you but does no damage. x2
Your Axes skill increases to level 4!
You hit the gnoll.
You kill the gnoll!
The gnoll hits you but does no damage. The gnoll hits you with a +0 spear.
You die...

..#######.......#
.......##.#####.#
#.......# #.# #.#.##..#
#.# #.##.#..# #.#
##.#.##..# #)#
#..##.#.:# #.#######.
#........#####..)......
#..............@).)....
##.############..g......
.....# #......... ...#.#
##........ ####.#
#........ #.####
#........ #.8..#
#....#... ##....###
#.####... ###8.8.8.8#


You could see a gnoll.

Vanquished Creatures
  3 gnolls (D:2)
  3 adders (D:2)
  2 dart slugs
  A worm (D:2)
  A ball python (D:3)
  5 endoplasms
  A giant cockroach (D:2)
  3 goblins
  5 hobgoblins
  4 kobolds
  5 bats
  8 rats
41 creatures vanquished.

Notes
Turn   | Place    | Note
-------+----------+-------------------------------------------
     0 | D:5      | qw the Gargoyle Delver began the quest for the Orb.
     0 | D:5      | Reached XP level 1. HP: 14/14 MP: 1/1
     0 | D:5      | 0 ||| qw: Version: 0.1-a-116-g5d60599
     0 | D:5      | 0 ||| qw: Game counter: 7802
     0 | D:5      | 0 ||| qw: Always use a shield: true
     0 | D:5      | 0 ||| qw: God list: Okawaru
     0 | D:5      | 0 ||| qw: Allow faded altars: false
     0 | D:5      | 0 ||| qw: Do Orc after D:15 true
     0 | D:5      | 0 ||| qw: Do second Lair branch before Depths: true
     0 | D:5      | 0 ||| qw: Lair rune preference: random
     0 | D:5      | 0 ||| qw: Plans: Normal
     0 | D:5      | 0 ||| PLANNING D:1-11
     0 | D:5      | 0 ||| DROPPING scroll of fog.
     1 | D:5      | 1 ||| DROPPING scroll of magic mapping.
     2 | D:5      | 2 ||| DROPPING scroll of fear.
    13 | D:4      | 13 ||| UPGRADING to +0 helmet.
    30 | D:3      | 30 ||| Stepping ~*~*~tactically~*~*~ (hiding).
    36 | D:3      | 36 ||| Stepping ~*~*~tactically~*~*~ (stealth).
    82 | D:3      | 82 ||| Stepping ~*~*~tactically~*~*~ (stealth).
   309 | D:2      | Reached XP level 2. HP: 19/19 MP: 2/2
   384 | D:1      | 384 ||| Stepping ~*~*~tactically~*~*~ (stealth).
   385 | D:1      | 385 ||| Stepping ~*~*~tactically~*~*~ (stealth).
   386 | D:1      | 386 ||| Stepping ~*~*~tactically~*~*~ (stealth).
   392 | D:1      | 392 ||| Stepping ~*~*~tactically~*~*~ (stealth).
   398 | D:1      | 398 ||| Stepping ~*~*~tactically~*~*~ (stealth).
   823 | D:1      | Reached skill level 3 in Axes
   971 | D:1      | Reached XP level 3. HP: 23/23 MP: 3/3
  1096 | D:1      | 1096 ||| DROPPING +0 club.
  1729 | D:1      | 1729 ||| UPGRADING to +0 ring mail.
  1739 | D:1      | 1739 ||| DROPPING +0 leather armour.
  1740 | D:1      | 1740 ||| UPGRADING to +0 chain mail.
  1750 | D:1      | 1750 ||| DROPPING +0 ring mail.
  1751 | D:1      | 1751 ||| READING scroll labelled WITORO SESCH.
  1752 | D:1      | 1752 ||| DRINKING 2 fuming dark potions.
  1753 | D:1      | 1753 ||| DROPPING potion of invisibility.
  1803 | D:2      | 1803 ||| Stepping ~*~*~tactically~*~*~ (stealth).
  1823 | D:2      | Reached skill level 1 in Armour
  1840 | D:2      | 1840 ||| DROPPING +0 whip of freezing.
  1873 | D:2      | Found a faded altar of an unknown god.
  1959 | D:2      | Reached XP level 4. HP: 28/28 MP: 4/4
  2042 | D:2      | HP: 7/28 [gnoll/+0 whip (1)]
  2043 | D:2      | HP: 1/28 [gnoll/+0 spear (5)]
  2046 | D:2      | Slain by a gnoll

Levels and vault maps discovered:
D:1:      dpeg_arrival_rhombus, layout_loops_corners, hex_tiny,
          serial_bayou_pond_e
D:2:      layout_loops_ring, ebering_ecumenical_altar_ruins,
          minmay_misc_feat_tiny, minmay_strange_pillars
D:3:      layout_basic, yredelemnul_altar_generic, serial_shops,
          nicolae_shop_behind_doors
D:4:      minmay_opposing_rooms, layout_loops_ring, kennysheep_mini,
          cheibriados_altar_1, makhleb_heckhound_becter, hangedman_ru_absence,
          uniq_menkaure
D:5:      layout_rooms, lemuel_round_altar

Skill      XL: |  1  2  3  4 |
---------------+-------------+-----
Axes           | 2 3 4 |  4.0
Armour         | 1 |  1.5
Fighting       | |  3.2
Dodging        | |  1.5
Stealth        | |  5.4

Action                   |  1- 3 |  4- 6 || total
-------------------------+-------+-------++-------
Melee: Hand axe          |   105 |    27 ||   132
       Punch             |     2 |       ||     2
  Use: Scroll            |     1 |       ||     1
       Potion            |     1 |       ||     1
Armor: Leather armour    |    26 |       ||    26
       Chain mail        |    10 |    20 ||    30
Dodge: Dodged            |    33 |     9 ||    42

Table legend:
 A = Non-vault XP
 B = Vault XP
 C = Vault XP percentage of total XP
 D = Non-vault monster count
 E = Vault monster count
 F = Vault count percentage of total count
                 A         B        C        D         E       F
            +---------+---------+-------+---------+---------+-------
      Total |     144 |       0 |   0.0 |      41 |       0 |   0.0
            +---------+---------+-------+---------+---------+-------
        D:1 |      35 |       0 |   0.0 |      21 |       0 |   0.0
        D:2 |     100 |       0 |   0.0 |      16 |       0 |   0.0
        D:3 |       9 |       0 |   0.0 |       4 |       0 |   0.0
            +---------+---------+-------+---------+---------+-------
